 Dungeon Crawl Stone Soup version 0.23.2-33-g5129a83184 (webtiles) character file.

Game seed: 1131338060438156048

29 troglodite the Skirmisher (level 3, 0/35 HPs)
             Began as a Gnoll Wanderer on July 6, 2019.
             Slain by a worm (7 damage)
             ... on level 2 of the Dungeon.
             The game lasted 00:05:25 (590 turns).

troglodite the Skirmisher (Gnoll Wanderer)           Turns: 590, Time: 00:05:25

Health: 0/35       AC:  2    Str: 16    XL:     3   Next: 16%
Magic:  7/7        EV: 11    Int: 11    God:
Gold:   94         SH:  0    Dex: 16    Spells: 7/7 levels left

rFire    . . .     SeeInvis .   m - +0 club
rCold    + . .     Gourm    .   (no shield)
rNeg     . . .     Faith    .   f - +0 robe
rPois    .         Spirit   .   (no helmet)
rElec    .         Reflect  .   (no cloak)
rCorr    .         Harm     .   (no gloves)
MR       .....                  (no boots)
Stlth    ++........             (no amulet)
HPRegen  0.11/turn              o - ring of protection from cold
MPRegen  0.10/turn              (no ring)

@: no status effects
A: distributed training, fangs 1, strong nose
a: no special abilities


You were on level 2 of the Dungeon.
You were not hungry.

You visited 1 branch of the dungeon, and saw 2 of its levels.

You collected 94 gold pieces.

Inventory:

Hand Weapons
 a - a +2 blowgun
 c - a +0 shortbow
 m - a +0 club (weapon)
Missiles
 b - 4 curare-tipped needles
 d - 21 arrows
Armour
 f - a +0 robe (worn)
Jewellery
 o - a ring of protection from cold (left hand)
Scrolls
 e - a scroll of teleportation
 i - 2 scrolls of identify {unknown}
 j - a scroll of fog {unknown}
Potions
 k - 2 potions of ambrosia {unknown}
 l - a potion of mutation {unknown}
 n - 2 potions of cancellation {unknown}
Comestibles
 g - 2 rations
 h - 7 chunks of flesh


   Skills:
 + Level 6.5 Fighting
 + Level 0.6 Short Blades
 + Level 0.6 Long Blades
 + Level 0.6 Axes
 + Level 4.5 Maces & Flails
 + Level 0.6 Polearms
 + Level 0.6 Staves
 + Level 0.6 Slings
 + Level 0.6 Bows
 + Level 0.6 Crossbows
 + Level 4.5 Throwing
 + Level 0.6 Armour
 + Level 0.6 Dodging
 + Level 0.6 Stealth
 + Level 0.6 Shields
 + Level 0.6 Unarmed Combat
 + Level 2.8 Spellcasting
 + Level 0.4 Conjurations
 + Level 0.4 Hexes
 + Level 0.4 Charms
 + Level 2.1 Summonings
 + Level 0.4 Necromancy
 + Level 0.4 Translocations
 + Level 0.4 Transmutations
 + Level 0.4 Fire Magic
 + Level 0.4 Ice Magic
 + Level 0.4 Air Magic
 + Level 2.1 Earth Magic
 + Level 0.4 Poison Magic
 + Level 0.8 Invocations
 + Level 0.6 Evocations


You had 7 spell levels left.
You didn't know any spells.
Your spell library was empty.

Dungeon Overview and Level Annotations

Branches:
Dungeon (1/15)

Altars:


Innate Abilities, Weirdness & Mutations

Your experience applies equally to all skills.
You have very sharp teeth.
Your uncanny sense of smell can sniff out nearby items.


Message History

The worm is heavily wounded.
The worm bites you!
* * * LOW HITPOINT WARNING * * *
You hit the worm but do no damage.
The worm is moderately wounded.
You barely miss the worm.
The worm is moderately wounded.
The worm closely misses you.
You hit the worm.
The worm is heavily wounded.
The worm misses you.
You hit the worm but do no damage.
The worm is moderately wounded.
You hit the worm but do no damage.
The worm is moderately wounded.
The worm closely misses you.
You hit the worm.
The worm is heavily wounded.
The worm bites you!
You die...

#...........#...###
#######.#.........#####
#.##......#.....##
#.#####÷#.#......# #.#
#...#......# #.#
##..#....... #.#
#..#....... #.#
###..w....... #.#
##....@....... #.#
#.......####..
#####.###..#.#..#
..#.....##...#.##..#
......>............#
.............#.##>...
............##.# ....<
..........####.# ..####
..........# ∆... .[.


You could see a worm.

Vanquished Creatures
  5 giant cockroaches
  3 goblins (D:1)
  2 hobgoblins (D:1)
  3 jackals (D:1)
  A quokka (D:2)
  2 ball pythons (D:1)
  4 bats (D:1)
  3 frilled lizards (D:1)
  3 kobolds (D:1)
  A rat (D:2)
27 creatures vanquished.

Notes
Turn   | Place    | Note
-------+----------+-------------------------------------------
     0 | D:1      | troglodite the Gnoll Wanderer began the quest for the Orb.
     0 | D:1      | troglodite set off with the following items: a +2 blowgun,
                  | 4 curare-tipped needles, a +0 shortbow, 27 arrows, a scroll
                  | of teleportation, a +0 robe, a ration
     0 | D:1      | Reached XP level 1. HP: 23/23 MP: 4/4
   110 | D:1      | Reached XP level 2. HP: 29/29 MP: 5/5
   432 | D:1      | Reached XP level 3. HP: 35/35 MP: 7/7
   518 | D:1      | You fall through a shaft!
   590 | D:2      | Slain by a worm

Skill      XL: |  1 |
---------------+----+-----
Summonings     | 2 |  2.1
Earth Magic    | 2 |  2.1
Fighting       | |  6.5
Short Blades   | |  0.6
Long Blades    | |  0.6
Axes           | |  0.6
Maces & Flails | |  4.5
Polearms       | |  0.6
Staves         | |  0.6
Slings         | |  0.6
Bows           | |  0.6
Crossbows      | |  0.6
Throwing       | |  4.5
Armour         | |  0.6
Dodging        | |  0.6
Stealth        | |  0.6
Shields        | |  0.6
Unarmed Combat | |  0.6
Spellcasting   | |  2.8
Conjurations   | |  0.4
Hexes          | |  0.4
Charms         | |  0.4
Necromancy     | |  0.4
Translocations | |  0.4
Transmutations | |  0.4
Fire Magic     | |  0.4
Ice Magic      | |  0.4
Air Magic      | |  0.4
Poison Magic   | |  0.4
Invocations    | |  0.8
Evocations     | |  0.6

Action                   || total
-------------------------++-------
Melee: Club              ||    20
       Bite              ||     2
 Fire: Shortbow          ||    59
 Stab: Sleeping          ||     1
Armor: Robe              ||     8
Dodge: Dodged            ||    34
